 Dungeon Crawl Stone Soup version 0.24.0-29-g8ce449bc06 (webtiles) character file.

Game seed: 3768618670389122889, levelgen mode: deterministic

11 FessEmpty the Slasher (level 2, 27/27 HPs)
             Began as a Minotaur Chaos Knight on Nov 9, 2019.
             Was a Plaything of Xom.
             Got out of the dungeon alive.
             The game lasted 00:17:24 (709 turns).

FessEmpty the Slasher (Minotaur Chaos Knight)        Turns: 709, Time: 00:17:25

Health: 27/27      AC:  5    Str: 16    XL:     2   Next: 17%
Magic:  1/1        EV: 12    Int:  9    God:    Xom [.....*]
Gold:   62         SH:  0    Dex:  9    Spells: 1/1 levels left

rFire    . . .     SeeInvis .   d - +0 falchion (chaos) {Y}
rCold    . . .     Gourm    .   (no shield)
rNeg     . . .     Faith    .   a - +0 robe
rPois    .         Spirit   .   (helmet restricted)
rElec    .         Reflect  .   (no cloak)
rCorr    .         Harm     .   i - +0 pair of gloves
MR       .....                  j - +1 pair of boots
Stlth    +.........             (no amulet)
HPRegen  0.09/turn              (no ring)
MPRegen  0.07/turn              (no ring)

@: no status effects
A: retaliatory headbutt, horns 2
a: Renounce Religion


You escaped.
You worshipped Xom.
You were Xom's teddy bear.
You were not hungry.

You visited 1 branch of the dungeon, and saw 1 of its levels.

You collected 62 gold pieces.

Inventory:

Hand Weapons
 d - a +0 falchion of chaos (weapon) {Y}
Armour
 a - a +0 robe (worn)
 i - a +0 pair of gloves (worn)
 j - a +1 pair of boots (worn)
Potions
 e - a potion of haste {unknown}
 f - a potion of degeneration {unknown}
 g - a potion of curing {unknown}
 h - a potion of heal wounds {unknown}
Comestibles
 b - 3 chunks of flesh
 c - a ration


   Skills:
 - Level 3.8 Fighting
 + Level 4.0 Long Blades
 - Level 2.8 Armour
 - Level 1.2 Dodging


You had one spell level left.
You didn't know any spells.
Your spell library was empty.

Dungeon Overview and Level Annotations

Branches:
Dungeon (1/15)

Altars:


Innate Abilities, Weirdness & Mutations

You reflexively headbutt those who attack you in melee.
You have a pair of horns on your head.


Message History

Describe a item; partial names and regexps are fine.
Enter a single letter to list items displayed by that symbol.
Describe what? falshion No matching items.
Describe a (M)onster, (S)pell, s(K)ill, (A)bility, (C)ard, (I)tem, (F)eature, (G)od, (B)ranch, c(L)oud or s(T)atus?
Describe a item; partial names and regexps are fine.
Enter a single letter to list items displayed by that symbol.
Describe what? falshion No matching items.
Describe a (M)onster, (S)pell, s(K)ill, (A)bility, (C)ard, (I)tem, (F)eature, (G)od, (B)ranch, c(L)oud or s(T)atus?
Describe a item; partial names and regexps are fine.
Enter a single letter to list items displayed by that symbol.
Describe what? sword Describe a (M)onster, (S)pell, s(K)ill, (A)bility, (C)ard, (I)tem, (F)eature, (G)od, (B)ranch, c(L)oud or s(T)atus?
Okay, then.
Welcome back, FessEmpty the Minotaur Chaos Knight.
Xom says: I'm watching you, my insane child.
Press ? for a list of commands and other information.
Your movement speed is average.
Your attack speed is below average.
There is a large open door here.
Press: ? - help, v - describe, . - travel A large open door.
There is a large open door here.
Welcome back, FessEmpty the Minotaur Chaos Knight.
Xom snickers.
Press ? for a list of commands and other information.
Welcome back, FessEmpty the Minotaur Chaos Knight.
Xom snickers.
Press ? for a list of commands and other information.
Unknown command.
Some of the chunks of flesh in your inventory have rotted away.
You see here a +0 dagger.
As you open the door, it creaks loudly!
A dart slug comes into view.
A dart slug is nearby!
A dart slug is nearby!
A dart slug is nearby!
There is an open door here.
All of the chunks of flesh in your inventory have rotted away.
You hit the dart slug but do no damage. You drain the dart slug.
Your headbutt misses the dart slug.
The dart slug is moderately wounded.
The dart slug bites you.
You slash the dart slug!
You kill the dart slug!
No target in view!
No target in view!
No target in view!
No target in view!
No target in view!
No target in view!
No target in view!
No target in view!
You open the door. You open the door.
There is an open door here.
You butcher the rat corpse.
b - a chunk of flesh You see here a rat skeleton. x2
HP restored.
Found 21 stones.
e - a coppery potion A dart slug comes into view.
A dart slug is nearby!
A dart slug is nearby!
A dart slug is nearby!
Welcome back, FessEmpty the Minotaur Chaos Knight.
Xom snickers.
Press ? for a list of commands and other information.
Welcome back, FessEmpty the Minotaur Chaos Knight.
Xom snickers.
Press ? for a list of commands and other information.
You see here 21 stones.
You hit the dart slug but do no damage.
The bat falls off the wall.
The dart slug evaporates and reforms as a bat!
Xom is amused.
The bat closely misses you.
You riposte.
You slash the bat! You freeze the bat.
You kill the bat!
The dart slug returns to its original shape as it dies.
No target in view!
No target in view!
Unknown command.
You butcher the dart slug corpse.
b - 2 chunks of flesh (gained 1)
You see here 21 stones.
You open the door.
There is an open door here.
f - a white potion You open the door.
There is an open door here.
A giant cockroach comes into view.
A giant cockroach is nearby!
A giant cockroach is nearby!
The giant cockroach bites you.
You barely miss the giant cockroach. The giant cockroach closely misses you.
You riposte.
You hit the giant cockroach.
The giant cockroach is severely wounded.
You barely miss the giant cockroach.
The giant cockroach is severely wounded.
The giant cockroach bites you.
You barely miss the giant cockroach.
The giant cockroach is severely wounded.
The giant cockroach barely misses you. The giant cockroach bites you.
You hit the giant cockroach. You freeze the giant cockroach.
You kill the giant cockroach!
You have reached level 2!
You butcher the giant cockroach corpse.
b - 3 chunks of flesh (gained 1)
You now have 8 gold pieces.
You open the door.
There is an open door here.
Some of the chunks of flesh in your inventory have rotted away.
You open the door.
There is an open door here.
Found a leather armour.
g - a murky coppery potion
Found a stone staircase leading down.
You now have 19 gold pieces (gained 11).
HP restored.
h - a brown potion
There is a stone staircase leading down here.
Found a pair of gloves and a pair of runed boots.
You almost hear Xom's maniacal laughter.
Your eyebrows briefly feel incredibly bushy.
You are now Xom's teddy bear.
You see here a pair of gloves.
i - a pair of gloves You see here a pair of runed boots.
There are no items here.
You see here a pair of runed boots.
j - a pair of runed boots You start putting on your armour.
You continue putting on your pair of runed boots. x4
You finish putting on your +1 pair of boots.
You start putting on your armour.
You continue putting on your pair of gloves. x4
You finish putting on your +0 pair of gloves.
You start putting on your armour.
You continue putting on your robe. x4
You finish putting on your +0 robe.
Xom grants you insight.
You feel aware of your surroundings.
Found a leather armour.
Found a stone staircase leading down.
Saving game... please wait.
Welcome back, FessEmpty the Minotaur Chaos Knight.
Xom slaps you with a cutthroat trout!
Press ? for a list of commands and other information.
Drop what? 10/52 slots (_ for help) (? for menu, Esc to quit)
Okay, then.
A bat comes into view.
The bat moves out of view.
The bat barely misses you. You furiously retaliate!
You headbutt the bat!
You kill the bat!
You butcher the bat corpse.
b - 3 chunks of flesh (gained 1)
You see here a bat skeleton. x2
Found an escape hatch in the floor.
You now have 21 gold pieces (gained 2).
You now have 34 gold pieces (gained 13).
You now have 46 gold pieces (gained 12).
You now have 62 gold pieces (gained 16).
Some of the chunks of flesh in your inventory have rotted away.
You open the door.
Found 24 stones.
A leopard gecko comes into view.
The leopard gecko hisses angrily.
There is an open door here.
The leopard gecko bites you but does no damage.
The leopard gecko bites you. The leopard gecko barely misses you.
You riposte.
You barely miss the leopard gecko. You headbutt the leopard gecko.
You kill the leopard gecko!
Your Long Blades skill increases to level 4!
Drop what? 10/52 slots (_ for help) (? for menu, Esc to quit)
Okay, then.
(D) Dungeon
Where to? (? - help)
Okay, then.
(D) Dungeon
Where to? (? - help)
Okay, then.
Unknown command.
Some of the chunks of flesh in your inventory have rotted away.
You butcher the leopard gecko corpse.
b - 3 chunks of flesh (gained 2)
You see here a leopard gecko skeleton. x2
HP restored.
You open the door.
There is an open door here.
There is an open door here.
There is an open door here.
You see here a +0 dagger.
There is a large open door here.
There is a large open door here.
There is a large open door here.
There is a staircase leading out of the dungeon here.
Are you sure you want to leave the Dungeon?
This will make you lose the game! [Y]es or [N]o only, please.
Are you sure you want to leave the Dungeon?
This will make you lose the game!
Uppercase [Y]es or [N]o only, please.
Are you sure you want to leave the Dungeon?
This will make you lose the game! [Y]es or [N]o only, please.
Are you sure you want to leave the Dungeon?
This will make you lose the game! [Y]es or [N]o only, please.
Are you sure you want to leave the Dungeon?
This will make you lose the game!
You have escaped!

* *,, ,, , * * **
* ** *
##############
#....##......#
###.≈≈.###.###.###
#@'.≈§.'.'.# #.##.
## ** *
#.'§§§§'.'.###.#..
.# * ,,*
###.§≈§####....)).
.# *,,, ,
#..[§####.##.#..
.# * ,, *
######....##.##.
.# **,**
####.......### .#
* #.########## #
.# #.# #.# # .#
#.# #.# ####


There were no monsters in sight!

Vanquished Creatures
  A dart slug (D:1)
  A leopard gecko (D:1)
  A giant cockroach (D:1)
  2 goblins (D:1)
  2 bats (D:1)
  2 rats (D:1)
9 creatures vanquished.

Notes
Turn   | Place    | Note
-------+----------+-------------------------------------------
     0 | D:1      | FessEmpty the Minotaur Chaos Knight began the quest for the
                  | Orb.
     0 | D:1      | Reached XP level 1. HP: 19/19 MP: 0/0
   341 | D:1      | Upgraded the game from 0.24.0-13-gcf9b3192b9 to
                  | 0.24.0-29-g8ce449bc06
   381 | D:1      | Reached XP level 2. HP: 20/27 MP: 1/1
   490 | D:1      | XOM: silly message
   524 | D:1      | XOM: divination: magic mapping
   601 | D:1      | Reached skill level 4 in Long Blades
   709 | D:$      | Got out of the dungeon alive.

Levels and vault maps discovered:
D:1:      lightli_arrival_lavapool, layout_loops_corners

Skill      XL: |  1  2 |
---------------+-------+-----
Long Blades    | 4 |  4.0
Fighting       | |  3.8
Armour         | |  2.8
Dodging        | |  1.2

Action                   || total
-------------------------++-------
Melee: Unarmed           ||    10
       Falchion          ||     7
       Headbutt          ||     1
Armor: Robe              ||     1
Dodge: Dodged            ||    13
       Rpst.: Falchion   ||     3
